 Dungeon Crawl Stone Soup version 0.22-a0-480-g991dd4b (webtiles) character file.

2 Gildenfire the Charmwright (level 1, 0/10 HPs)
             Began as a Spriggan Skald on June 15, 2018.
             Slain by a giant cockroach (1 damage)
             ... on level 1 of the Dungeon.
             The game lasted 00:01:44 (172 turns).

Gildenfire the Charmwright (Spriggan Skald)          Turns: 172, Time: 00:01:44

Health: 0/10       AC:  2    Str:  7    XL:     1   Next: 33%
Magic:  5/5        EV: 18    Int: 14    God:
Gold:   0          SH:  0    Dex: 15    Spells: 4/5 levels left

rFire    . . .     SeeInvis +   a - +0 short sword
rCold    . . .     Gourm    .   (shield restricted)
rNeg     . . .     Faith    .   b - +0 robe
rPois    .         Spirit   .   (helmet restricted)
rElec    .         Reflect  .   (no cloak)
rCorr    .         Harm     .   (gloves unavailable)
MR       .....                  (boots unavailable)
Stlth    +.........             (no amulet)
HPRegen  0.03/turn              (no ring)
MPRegen  0.09/turn              (no ring)

@: very quick
A: very small, unfitting armour, see invisible, herbivore, speed 3, slow
metabolism 2
a: no special abilities


You were on level 1 of the Dungeon.
You were not hungry.

You visited 1 branch of the dungeon, and saw 1 of its levels.

Inventory:

Hand Weapons
 a - a +0 short sword (weapon)
Armour
 b - a +0 robe (worn)
Scrolls
 c - a scroll of noise {unknown}
Comestibles
 d - a ration


   Skills:
 * Level 1.6 Fighting
 * Level 2.2 Short Blades
 * Level 3.5 Dodging
 * Level 2.6 Spellcasting
 * Level 4.6 Charms


You had 4 spell levels left.
You knew the following spells:

 Your Spells              Type           Power        Failure   Level  Hunger
a - Infusion              Chrm           ##..         3%          1    #......

Your spell library contained the following spells:

 Spells                   Type           Power        Failure   Level  Hunger
 Regeneration             Chrm/Necr      #.........   26%         3    ###....
 Shroud of Golubria       Chrm/Tloc      #.........   13%         2    ###....
 Song of Slaying          Chrm           ##......     4%          2    ###....
 Spectral Weapon          Hex/Chrm       #.......     26%         3    ###....


Dungeon Overview and Level Annotations

Branches:
Dungeon (1/15)

Altars:


Innate Abilities, Weirdness & Mutations

You are very small and have problems with some larger weapons.
You are too small for most types of armour.
You have supernaturally acute eyesight. (SInv)
You are a herbivore.
You cover ground extremely quickly.
You need to consume almost no food.


Message History

You hit the giant cockroach but do no damage.
The giant cockroach closely misses you. x2
You barely miss the giant cockroach.
The giant cockroach bites you but does no damage.
You hit the giant cockroach.
The giant cockroach is moderately wounded.
The giant cockroach bites you.
* * * LOW HITPOINT WARNING * * *
You hit the giant cockroach but do no damage.
The giant cockroach is moderately wounded.
The giant cockroach barely misses you.
You hit the giant cockroach but do no damage.
The giant cockroach is moderately wounded.
The giant cockroach bites you.
* * * LOW HITPOINT WARNING * * *
You hit the giant cockroach.
The giant cockroach is heavily wounded.
The giant cockroach closely misses you. The kobold closely misses you.
The giant cockroach bites you.
You die...

#..##..>.....##
#.............### #
#..#............##..###
#.............#........
##.............###.....
#.............###..#
#............(.....#.#
##.........##).K.....#
#.......K. #.@....#.#
##..#......$.s....#
#...................
#.#.................
##.#............##...
#...............# #..
#................ ..
#.................
##.........


You could see a giant cockroach and a kobold.

Vanquished Creatures
  A kobold (D:1)
  A frilled lizard (D:1)
  A rat (D:1)
3 creatures vanquished.

Notes
Turn   | Place    | Note
-------+----------+-------------------------------------------
     0 | D:1      | Gildenfire the Spriggan Skald began the quest for the Orb.
     0 | D:1      | Reached XP level 1. HP: 10/10 MP: 5/5
   172 | D:1      | Slain by a giant cockroach

Vault maps used:
D:1:      nzn_arrival_crosshair

Action                   || total
-------------------------++-------
Melee: Short sword       ||    17
 Stab: Sleeping          ||     1
Armor: Robe              ||     2
Dodge: Dodged            ||    16

Table legend:
 A = Spawn XP
 B = Non-spawn XP
 C = Spawn XP percentage of total XP
 D = Spawn monster count
 E = Non-spawn monster count
 F = Spawn count percentage of total count
 G = Total turns spent on level
                    A         B        C        D         E        F      G
               +---------+---------+-------+---------+---------+-------+---------
         Total |       0 |       4 |   0.0 |       0 |       3 |   0.0 |   172
               +---------+---------+-------+---------+---------+-------+---------
           D:1 |       0 |       4 |   0.0 |       0 |       3 |   0.0 |   172
               +---------+---------+-------+---------+---------+-------+---------
